 Dungeon Crawl Stone Soup version 0.27.0-1-g7a089689b8 (webtiles) character file.

Game seed: 1440584986847579038

55 gimp the Sneak (level 4, -4/35 HPs)
             Began as a Human Delver on Aug 9, 2021.
             Slain by an iguana (6 damage)
             ... on level 5 of the Dungeon.
             The game lasted 00:02:48 (934 turns).

gimp the Sneak (Human Delver)                        Turns: 934, Time: 00:02:48

Health: -4/35      AC:  7    Str: 13 (14) XL:     4   Next: 14%
Magic:  4/4        EV:  9    Int:  7 (10) God:
Gold:   8          SH:  0    Dex: 12 (14) Spells: 3/3 levels left

rFire    + . .     SeeInvis .   a - +0 spear
rCold    . . .     Faith    .   (no shield)
rNeg     . . .     Spirit   .   k - +1 scale mail {rF+}
rPois    .         Reflect  .   (no helmet)
rElec    .         Harm     .   (no cloak)
rCorr    .         Rampage  .   (no gloves)
Will     .....                  (no boots)
Stlth    +.........             (no amulet)
HPRegen  0.11/turn              (no ring)
MPRegen  0.09/turn              (no ring)

@: no status effects
A: no striking features
a: no special abilities


You were on level 5 of the Dungeon.
You visited 1 branch of the dungeon, and saw 2 of its levels.

You collected 8 gold pieces.

Inventory:

Hand Weapons
 a - a +0 spear (weapon)
Missiles
 i - 7 poisoned darts (quivered)
Armour
 b - a +0 leather armour
 k - a +1 scale mail of fire resistance (worn)
Wands
 g - a wand of digging (3)
Scrolls
 c - a scroll of fog
 d - 2 scrolls of magic mapping
 e - a scroll of fear
 h - a scroll of teleportation {unknown}
 j - a scroll of vulnerability {unknown}
Potions
 f - a potion of haste


   Skills:
 + Level 3.4 Fighting
 * Level 3.2 Polearms
 + Level 2.6 Dodging
 - Level 5.0 Stealth


You had 3 spell levels left.
You didn't know any spells.
Your spell library was empty.

Dungeon Overview and Level Annotations

Branches:
Dungeon (5/15)
 Temple: D:4-7

Altars:

Annotations:
D:4 Grinder
D:5 Ijyb


Message History

Aim: an iguana (61% to hit)
You throw a poisoned dart. The poisoned dart hits the iguana.
The iguana is poisoned.
The iguana bites you!
You take 8 damage, and have 19/35 hp.
MASSIVE DAMAGE!!
Throw: 10 darts (poison)
Press: ? - help, Q - select action Shift-Dir - straight line, f/p - iguana
Aim: an iguana (lightly wounded, poisoned, 61% to hit)
You throw a poisoned dart. The poisoned dart hits the iguana.
The iguana looks even sicker.
The iguana is lightly wounded.
The iguana bites you!
* * * LOW HITPOINT WARNING * * *
You take 10 damage, and have 9/35 hp.
MASSIVE DAMAGE!!
Throw: 9 darts (poison)
Press: ? - help, Q - select action Shift-Dir - straight line, f/p - iguana
Aim: an iguana (lightly wounded, very poisoned, 61% to hit)
You throw a poisoned dart. The poisoned dart hits the iguana.
The iguana looks even sicker.
The iguana is lightly wounded.
The iguana bites you!
* * * LOW HITPOINT WARNING * * *
You take 7 damage, and have 2/35 hp.
Okay, then.
Throw: 8 darts (poison)
Press: ? - help, Q - select action Shift-Dir - straight line, f/p - iguana
Aim: an iguana (lightly wounded, very poisoned, 61% to hit)
You throw a poisoned dart.
The poisoned dart closely misses the iguana.
The iguana bites you but does no damage.
Reach: a) +0 spear
Press: ? - help, Dir - move target, f/p - iguana
Aim: an iguana (lightly wounded, very poisoned, about 35% to evade your +0 spear)
You hit the iguana but do no damage.
The iguana is lightly wounded.
The iguana barely misses you.
You hit the iguana but do no damage.
The iguana is moderately wounded.
The iguana bites you.
You die...

#.#
#.#
#.#
#.#
#.#
#.#
#l#
#@#
###


You could see an iguana (very poisoned).

Vanquished Creatures
  A hound (D:5)
  A hound zombie (D:5)
  A worm (D:5)
  An orc (D:5)
  2 goblins (D:4)
  A quokka (D:4)
7 creatures vanquished.

Notes
Turn   | Place    | Note
-------+----------+-------------------------------------------
     0 | D:5      | gimp the Human Delver began the quest for the Orb.
     0 | D:5      | Reached XP level 1. HP: 18/18 MP: 1/1
     1 | D:5      | Noticed Ijyb
    32 | D:5      | Reached XP level 2. HP: 21/24 MP: 2/2
   275 | D:5      | Reached XP level 3. HP: 17/29 MP: 3/3
   433 | D:5      | Reached XP level 4. HP: 22/35 MP: 4/4
   917 | D:4      | Noticed Grinder
   934 | D:5      | Slain by an iguana

Illustrated notes

Levels and vault maps discovered:
D:4:      layout_basic, minmay_temple_entry_junction_2, serial_rivers,
          chequers_serial_rivers_micro_c, chequers_serial_rivers_micro_c,
          chequers_serial_rivers_marsh, chequers_serial_rivers_micro_c,
          chequers_serial_rivers_small_b, chequers_serial_rivers_micro_a,
          uniq_grinder, uniq_pikel, uniq_robin
D:5:      layout_basic, st_stairs_12, chequers_serial_rivers_micro_d, uniq_ijyb

Skill      XL: |  1  2  3 |
---------------+----------+-----
Polearms       | 3 |  3.2
Fighting       | |  3.4
Dodging        | |  2.6
Stealth        | |  5.0

Action                   |  1- 3 |  4- 6 || total
-------------------------+-------+-------++-------
Melee: Spear             |    37 |    19 ||    56
Throw: Dart              |    16 |     5 ||    21
  Use: Potion            |       |     1 ||     1
 Stab: Sleeping          |     1 |     1 ||     2
Armor: Leather armour    |     5 |       ||     5
       Scale mail        |     5 |     2 ||     7
Dodge: Dodged            |    22 |     6 ||    28
